 Dungeon Crawl Stone Soup version 0.30-a0-916-g9813417 (webtiles) character file.

Game seed: 6465219183744660960

56 Dawnplanks the Ruffian (level 3, 0/54 HPs)
             Began as a Troll Berserker on Mar 22, 2023.
             Was a Follower of Trog.
             Slain by a white imp (5 damage)
             ... summoned by Natasha
             ... on level 3 of the Dungeon.
             The game lasted 00:04:58 (1124 turns).

Dawnplanks the Ruffian (Troll Berserker)            Turns: 1124, Time: 00:05:00

Health: 0/54       AC:  4    Str: 27    XL:     3   Next: 69%
Magic:  2/2        EV: 10    Int:  3    God:    Trog [*.....]
Gold:   168        SH:  0    Dex:  9    Spells: 2/2 levels left

rFire   . . .      SeeInvis .      - Unarmed
rCold   . . .      Faith    .    (no shield)
rNeg    . . .      Spirit   .    a - +0 animal skin
rPois   .          Reflect  .    (helmet restricted)
rElec   .          Rampage  .    (no cloak)
rCorr   .                        (gloves unavailable)
Will    ++...                    (boots unavailable) Stlth
                                 (no amulet)
HPRegen 2.09/turn                (no ring)
MPRegen 0.08/turn                (no ring)

@: berserking, lethally poisoned (0 -> -4), strong-willed (expiring),
regenerating (expiring), slowed
A: large, unfitting armour, claws 3, regeneration 1, shaggy fur 1, tough skin 1
a: Renounce Religion, Berserk


You were on level 3 of the Dungeon.
You worshipped Trog.
Trog was aware of your devotion.
You visited 1 branch of the dungeon, and saw 3 of its levels.

You collected 196 gold pieces.
You spent 28 gold pieces at shops.

Inventory:

Armour
 a - a +0 animal skin (worn)
Scrolls
 c - 2 scrolls of identify
 h - 2 scrolls of magic mapping
 i - a scroll of noise {unknown}
 j - a scroll of teleportation {unknown}
Potions
 b - a potion of might
 d - a potion of curing {unknown}
 e - a potion of invisibility
 f - a potion of brilliance
 g - a potion of haste


   Skills:
 + Level 2.9 Fighting
 + Level 2.9 Dodging
 + Level 3.8 Unarmed Combat


You had 2 spell levels left.
You didn't know any spells.
Your spell library contained the following spells:

 Spells                   Type           Power      Damage    Failure   Level
 Shock                    Conj/Air       0%         1d3       52%         1
 Swiftness                Air            0%         N/A       88%         3
 Airstrike                Air            0%         2d(0-16)  99%         4


Dungeon Overview and Level Annotations

Branches:
Dungeon (3/15)

Altars:

Shops:
D:2 ?

Annotations:
D:3 Natasha


Innate Abilities, Weirdness & Mutations

You are too large for most types of armour.
You have claws for hands.
Your natural rate of healing is unusually fast.
You are covered in fur. (AC +1)
You have tough skin. (AC +1)


Message History

A red film seems to cover your vision as you go berserk!
You feel yourself moving faster!
You feel mighty!
Natasha casts a spell.
You closely miss Natasha. The adder bites you.
You are poisoned.
The adder poisons you!
Natasha stares at you and mumbles some strange words.
You feel yourself slow down.
You barely miss Natasha.
You feel the effects of Trog's Hand fading.
You feel sick.
The white imp summons a swarm of flies.
The white imp closely misses you. The adder bites you but does no damage.
Natasha casts a spell at you. The magic dart hits you.
You claw Natasha!
Natasha is severely wounded.
The adder bites you but does no damage. The white imp hits you.
The white imp freezes you.
The kobold hits you with a +2 short sword of venom.
You are more poisoned.
You barely miss Natasha.
Natasha is severely wounded.
You feel very sick. Natasha claws you.
* * * LOW HITPOINT WARNING * * *
The adder bites you but does no damage.
The white imp hits you but does no damage.
The kobold hits you with a +2 short sword of venom.
* * * LOW HITPOINT WARNING * * *
You are more poisoned.
You barely miss Natasha.
Natasha is severely wounded.
* * * LOW HITPOINT WARNING * * *
You feel very sick. The adder barely misses you. Natasha closely misses you.
The white imp hits you.
* * * LOW HITPOINT WARNING * * *
The white imp freezes you.
You die...

.. ... ....
....###
.......#####
....... ...##
.......##...##.##
......h@Sw†......
.......5K........
.........#.......
.................
....##...........
.... #.##.#......
♣♣. #. ........ .
#. #####+##


You could see Natasha, an adder, a white imp (summoned), a dart slug and a
kobold.

Vanquished Creatures
  A gnoll (D:1)
  An adder (D:2)
  2 dart slugs (D:1)
  4 bats
  3 endoplasms
  A hobgoblin (D:1)
  2 jackals (D:1)
  3 quokkas (D:1)
  3 ball pythons
  3 frilled lizards
  5 goblins
  A kobold (D:1)
  2 rats (D:1)
31 creatures vanquished.

Vanquished Creatures (others)
  2 plants (D:2)
2 creatures vanquished.

Grand Total: 33 creatures vanquished

Notes
Turn   | Place    | Note
-------+----------+-------------------------------------------
     0 | D:1      | Dawnplanks the Troll Berserker began the quest for the Orb.
     0 | D:1      | Reached XP level 1. HP: 22/22 MP: 0/0
    44 | D:1      | Found a faded altar of an unknown god.
   192 | D:1      | Reached XP level 2. HP: 29/29 MP: 1/1
   441 | D:1      | Reached XP level 3. HP: 36/36 MP: 2/2
   730 | D:2      | Found Jykk's Magic Scroll Emporium.
   741 | D:2      | Bought a scroll of identify for 28 gold pieces
   799 | D:2      | Reached ** piety under Trog
  1111 | D:3      | Noticed Natasha
  1124 | D:3      | Slain by a white imp

Illustrated notes

Levels and vault maps discovered:
D:1:      grunt_arrival_crossed_arrows, layout_basic,
          chequers_ecumenical_altar_island, dk_noncrumbling_2,
          minmay_pentomino_v2
D:2:      layout_rooms, serial_shops, shop, serial_bayou_lagoon_b
D:3:      layout_basic, mainiacjoe_overflow_alcove_4, mainiacjoe_overflow_paths,
          uniq_natasha

Action                     || total
---------------------------++-------
  Melee: Unarmed           ||    69
         Punch             ||     1
 Invoke: Berserk           ||     1
         Trog's Hand       ||     1
    Use: Scroll            ||     5
 Armour: Animal skin       ||    17
  Dodge: Dodged            ||    27

Table legend: (Time is in decaauts)
 A = Elapsed time spent in this place.
 B = Non-inter-level travel time spent in this place.
 C = Inter-level travel time spent in this place.
 D = Time resting spent in this place.
 E = Time spent auto-exploring this place.
 F = Levels seen in this place.
 G = Mean time per level.
                   A        B        C        D        E       F      G
               +--------+--------+--------+--------+--------+-----+--------+
         Total |   1118 |   1053 |     65 |      0 |    866 |   3 |  372.7 |
       Dungeon |   1118 |   1053 |     65 |      0 |    866 |   3 |  372.7 |
               +--------+--------+--------+--------+--------+-----+--------+

Top non-repeatable levels by time:
     D:1: 722 daAuts
     D:2: 384 daAuts
     D:3: 11 daAuts
